 Dungeon Crawl Stone Soup version 0.23-a0-458-g93a6ea9 (webtiles) character file.

25331 theanonym the Basher (level 12, -7/97 HPs)
             Began as a Mummy Warper on Nov 26, 2018.
             Was the Champion of Cheibriados.
             Mangled by an iron troll (29 damage)
             ... on level 1 of the Orcish Mines.
             The game lasted 00:24:31 (15891 turns).

theanonym the Basher (Mummy Warper)                Turns: 15891, Time: 00:24:32

Health: -7/97      AC: 12    Str: 35    XL:     12   Next: 88%
Magic:  11/16      EV: 11    Int: 30    God:    Cheibriados [******]
Gold:   987        SH: 15    Dex: 34    Spells: 7/16 levels left

rFire    x . .     SeeInvis .   d - +1 morningstar (curse)
rCold    + . .     Gourm    .   h - +0 shield
rNeg     + + +     Faith    .   o - +0 plate armour
rPois    ∞         Spirit   .   (no helmet)
rElec    .         Reflect  .   j - +0 cloak
rCorr    .         Harm     .   p - +0 pair of gloves
MR       +....                  (no boots)
Stlth    ..........             (no amulet)
HPRegen  0.26/turn              c - +3 ring of evasion
MPRegen  0.15/turn              s - ring "Daoluitt" {Str+5 Dex+6}

@: very slow
A: no food or potions, fire vulnerability, cold resistance 1, negative energy
resistance 3, torment resistance, unbreathing
a: Bend Time, Temporal Distortion, Slouch, Step From Time, Renounce Religion


Innate Abilities, Weirdness & Mutations

You do not eat or drink.
Your flesh is vulnerable to fire.
You are immune to poison.
Your flesh is cold resistant. (rC+)
You are immune to negative energy. (rN+++)
You are immune to unholy pain and torment.
You can survive without breathing.


   Skills:
 - Level 10.0 Fighting
 * Level 13.4 Maces & Flails
 - Level 0.7 Throwing
 - Level 0.7 Armour
 - Level 1.5 Dodging
 + Level 8.2 Shields
 - Level 2.6 Spellcasting
 - Level 2.4 Translocations
 - Level 5.0 Invocations


You had 7 spell levels left.
You knew the following spells:

 Your Spells              Type           Power        Failure   Level  Hunger
a - Passage of Golubria   Tloc           N/A          99%         4    N/A
e - Lesser Beckoning      Tloc           ###.......   86%         3    N/A
l - Blink                 Tloc           N/A          65%         2    N/A

Your spell library contained the following spells:

 Spells                   Type           Power        Failure   Level  Hunger
 Shroud of Golubria       Chrm/Tloc      ##........   82%         2    N/A
 Corona                   Hex            #......      83%         1    N/A
 Gell's Gravitas          Tloc           ###.......   86%         3    N/A
 Teleport Other           Tloc           ###.....     86%         3    N/A
 Slow                     Hex            #.......     93%         2    N/A
 Portal Projectile        Hex/Tloc       ##....       96%         3    N/A
 Inner Flame              Hex/Fire       #.......     99%         3    N/A
 Cause Fear               Hex            #.........   100%        4    N/A
 Leda's Liquefaction      Hex/Erth       #.........   100%        4    N/A

Skill      XL: |  1  2  3  4  5  6  7  8  9 10 11 12 |
---------------+-------------------------------------+-----
Maces & Flails | 2 3 4 5 7 8 10 11 13 | 13.4
Fighting       | 3 4 5 6 7 8 10 | 10.0
Shields        | 1 2 3 4 6 8 |  8.2
Invocations    | 3 5 |  5.0
Throwing       | |  0.7
Armour         | |  0.7
Dodging        | |  1.5
Spellcasting   | |  2.6
Translocations | |  2.4

Action                   |  1- 3 |  4- 6 |  7- 9 | 10-12 || total
-------------------------+-------+-------+-------+-------++-------
Melee: Mace              |   146 |    84 |       |       ||   230
       Flail             |       |   146 |   304 |       ||   450
       Morningstar       |       |       |   167 |   768 ||   935
Throw: Tomahawk          |       |       |     2 |       ||     2
Invok: Bend Time         |       |       |     1 |     2 ||     3
       Temporal Distorti |       |       |       |     4 ||     4
       Slouch            |       |       |       |     1 ||     1
Evoke: Wand              |       |       |       |    13 ||    13
       Fan of gales      |       |       |       |     1 ||     1
  Use: Scroll            |       |       |    10 |     9 ||    19
 Stab: Paralysed         |       |       |       |     3 ||     3
Armor: Leather armour    |     1 |       |       |       ||     1
       Scale mail        |    58 |    93 |    15 |       ||   166
       Chain mail        |       |       |   107 |       ||   107
       Plate armour      |       |       |    89 |   267 ||   356
Dodge: Dodged            |    51 |   119 |   200 |   234 ||   604
Block: Shield            |    49 |   103 |   359 |   589 ||  1100

Inventory:

Hand Weapons
 d - a cursed +1 morningstar (weapon)
   (You took it off a wight on level 9 of the Dungeon)
Missiles
 e - 3 tomahawks of dispersal (quivered)
Armour
 h - a +0 shield (worn)
   (You found it on level 1 of the Dungeon)
 j - a +0 cloak (worn)
   (You found it on level 2 of the Dungeon)
 o - a +0 plate armour (worn)
   (You took it off an orc warrior on level 6 of the Dungeon)
 p - a +0 pair of gloves (worn)
   (You found it on level 5 of the Dungeon)
Jewellery
 c - a +3 ring of evasion (left hand)
   (You found it on level 1 of the Dungeon)
 q - an uncursed ring of protection from fire
   (You found it on level 5 of the Dungeon)
 s - the ring "Daoluitt" (right hand) {Str+5 Dex+6}
   (You found it on level 5 of the Dungeon)

   [ring of strength]

   It affects your strength (+5).
   It affects your dexterity (+6).
Wands
 k - a wand of paralysis (4)
   (You found it on level 11 of the Dungeon)
 l - a wand of iceblast (3)
   (You took it off an orc on level 11 of the Dungeon)
Scrolls
 a - 3 scrolls of enchant weapon
 f - a scroll of fog
 i - 4 scrolls of enchant armour
 m - 3 scrolls of immolation
 n - 8 scrolls of remove curse
 r - 2 scrolls of identify
 y - 2 scrolls of magic mapping
 B - 2 scrolls of blinking
Miscellaneous
 g - a fan of gales (inert)
   (You found it on level 9 of the Dungeon)


You were on level 1 of the Orcish Mines.
You worshipped Cheibriados.
Cheibriados was exalted by your worship.
You were not hungry.

You visited 2 branches of the dungeon, and saw 13 of its levels.

You collected 987 gold pieces.

Dungeon Overview and Level Annotations

Branches:
Dungeon (11/15)            Temple (0/1) D:7            Lair (0/6) D:11
    Orc (2/2) D:11            Elf (0/3) Orc:2

Altars:
Cheibriados
Dithmenos
Elyvilon
Hepliaklqana
Okawaru
Qazlal
Sif Muna
Trog
Wu Jian
Xom
Zin

Shops:
Orc:2 ![

Annotations:
D:7 2 transporters, Gorice's ghost, novice DDFi

#.##%................##
#.##...#.............#
###^..##.............##
#####...........#...#
##............#...#
#..............#.##
#......[...[....##
#.....[T#.......##
##......>@........#
#................##
##..........#.....##
#.[........#......#
##.#.#..#.###.##.##
########## ######


You could see an iron troll.

Notes
Turn   | Place    | Note
-------+----------+-------------------------------------------
     0 | D:1      | theanonym the Mummy Warper began the quest for the Orb.
     0 | D:1      | Reached XP level 1. HP: 16/16 MP: 4/4
     0 | D:1      | Noticed a dwarf
     2 | D:1      | Noticed a spriggan
    13 | D:1      | Noticed a spriggan
    17 | D:1      | Noticed a minotaur skeleton
   333 | D:1      | Reached skill level 2 in Maces & Flails
   381 | D:1      | Reached XP level 2. HP: 22/22 MP: 5/5
   463 | D:1      | Found a glowing silver altar of Zin.
   465 | D:1      | Found a deep blue altar of Sif Muna.
   465 | D:1      | Found a shimmering altar of Xom.
   475 | D:1      | Found a stormy altar of Qazlal.
   475 | D:1      | Found an opulent altar of Gozag.
   475 | D:1      | Found an iron altar of Okawaru.
  1044 | D:2      | Found a white marble altar of Elyvilon.
  1120 | D:2      | Reached XP level 3. HP: 25/28 MP: 7/7
  1322 | D:2      | HP: 14/28 [worker ant (3)]
  1325 | D:2      | Reached skill level 3 in Maces & Flails
  1325 | D:2      | Reached XP level 4. HP: 10/34 MP: 8/8
  1403 | D:2      | HP: 15/34 [adder (4)]
  1413 | D:2      | HP: 15/34 [adder (1)]
  1417 | D:2      | Reached skill level 3 in Fighting
  1719 | D:2      | Found a snail-covered altar of Cheibriados.
  1736 | D:2      | Became a worshipper of Cheibriados the Contemplative
  1784 | D:2      | Found a deep blue altar of Sif Muna.
  2365 | D:3      | Reached * piety under Cheibriados
  2560 | D:3      | Noticed Sigmund
  2578 | D:3      | Killed Sigmund
  2578 | D:3      | Reached skill level 4 in Maces & Flails
  2578 | D:3      | Reached skill level 1 in Shields
  2578 | D:3      | Reached XP level 5. HP: 23/42 MP: 9/9
  2578 | D:3      | Reached XP level 6. HP: 26/48 MP: 10/10
  3028 | D:4      | HP: 21/48 [gnoll/+0 spear (8)]
  3029 | D:4      | HP: 8/48 [gnoll/+0 spear (4)]
  3041 | D:4      | HP: 10/48 [gnoll (1)]
  3336 | D:4      | Reached skill level 4 in Fighting
  3515 | D:4      | Noticed Menkaure
  3530 | D:4      | Killed Menkaure
  3530 | D:4      | Reached skill level 2 in Shields
  3698 | D:5      | Entered Level 5 of the Dungeon
  3710 | D:5      | Reached ** piety under Cheibriados
  3710 | D:5      | Reached XP level 7. HP: 35/55 MP: 11/11
  3905 | D:5      | Reached skill level 5 in Maces & Flails
  4197 | D:5      | Found an iron altar of Okawaru.
  4197 | D:5      | Found a bloodstained altar of Trog.
  4368 | D:5      | HP: 27/55 [orc priest/divine providence (14)]
  4590 | D:5      | Found a stormy altar of Qazlal.
  4629 | D:5      | Got a wavering turquoise ring
  4912 | D:5      | Identified the ring "Daoluitt" {Str+5 Dex+6} (You found it
                  | on level 5 of the Dungeon)
  4946 | D:6      | Reached skill level 3 in Shields
  5035 | D:6      | Reached skill level 5 in Fighting
  5035 | D:6      | Reached XP level 8. HP: 34/62 MP: 12/12
  5237 | D:6      | Found a runed door.
  5301 | D:6      | Reached skill level 6 in Maces & Flails
  5414 | D:6      | Found a hazy altar of Hepliaklqana.
  5448 | D:6      | HP: 22/62 [orc warrior/+0 short sword (15)]
  5451 | D:6      | HP: 7/62 [orc warrior/+0 short sword (9)]
  5851 | D:6      | Reached *** piety under Cheibriados
  6141 | D:6      | Reached skill level 4 in Shields
  6166 | D:6      | Reached skill level 6 in Fighting
  6173 | D:6      | Reached skill level 7 in Maces & Flails
  6175 | D:6      | HP: 32/64 [orc (3)]
  6182 | D:6      | HP: 24/64 [orc priest/divine providence (9)]
  6187 | D:6      | HP: 23/64 [orc (2)]
  6192 | D:6      | HP: 22/64 [orc warrior/+0 long sword (2)]
  6194 | D:6      | HP: 6/64 [orc warrior/+0 long sword (15)]
  6520 | D:6      | HP: 29/64 [orc warrior/+0 long sword (11)]
  6737 | D:6      | Reached XP level 9. HP: 43/69 MP: 13/13
  7177 | D:6      | Noticed Crazy Yiuf
  7185 | D:6      | Killed Crazy Yiuf
  7185 | D:6      | Reached **** piety under Cheibriados
  7282 | D:7      | Found a transporter.
  7282 | D:7      | Noticed Gorice's ghost (novice DDFi)
  7284 | D:7      | Found a transporter.
  7314 | D:7      | HP: 31/71 [sky beast (5)]
  7587 | D:7      | HP: 33/71 [killer bee (4)]
  7598 | D:7      | Reached skill level 1 in Invocations
  7981 | D:7      | Found a staircase to the Ecumenical Temple.
  8023 | D:7      | Reached skill level 8 in Maces & Flails
  8054 | D:7      | Reached skill level 7 in Fighting
  8054 | D:7      | Reached skill level 2 in Invocations
  8377 | D:8      | Noticed a two-headed ogre
  8383 | D:8      | Killed a two-headed ogre
  8383 | D:8      | Reached skill level 3 in Invocations
  8390 | D:7      | HP: 33/72 [bullfrog (6)]
  8544 | D:8      | Reached ***** piety under Cheibriados
  8549 | D:8      | Reached XP level 10. HP: 70/79 MP: 14/14
  8611 | D:8      | Reached skill level 9 in Maces & Flails
  8637 | D:8      | Found a shadowy altar of Dithmenos.
  8808 | D:8      | Noticed Grum
  8817 | D:8      | Killed Grum
  8817 | D:8      | Reached skill level 8 in Fighting
  8818 | D:8      | HP: 37/80 [wolf[Grum] (7)]
  8823 | D:8      | Reached skill level 4 in Invocations
  8823 | D:8      | HP: 36/80 [wolf[Grum] (2)]
  8828 | D:8      | HP: 30/80 [wolf[Grum] (8)]
  8864 | D:8      | Noticed a two-headed ogre
  8868 | D:8      | HP: 34/80 [two-headed ogre/+0 giant club (6)]
  8871 | D:8      | Killed a two-headed ogre
  9122 | D:8      | Found an ornate altar of the Wu Jian Council.
  9150 | D:8      | Noticed Pikel
  9155 | D:8      | Killed Pikel
  9155 | D:8      | Reached skill level 10 in Maces & Flails
  9216 | D:8      | Found a glowing silver altar of Zin.
  9358 | D:9      | Reached skill level 5 in Invocations
  9600 | D:9      | Reached XP level 11. HP: 65/87 MP: 15/15
  9846 | D:9      | Reached skill level 9 in Fighting
  9846 | D:9      | Reached skill level 5 in Shields
  9948 | D:9      | Reached ****** piety under Cheibriados
  9979 | D:9      | HP: 44/89 [something (8)]
  9985 | D:9      | HP: 39/89 [something (8)]
  9990 | D:9      | HP: 16/89 [something (8)]
 10393 | D:9      | HP: 38/89 [something (8)]
 10400 | D:9      | HP: 29/89 [something (1)]
 10410 | D:8      | HP: 18/89 [something (2)]
 10801 | D:10     | Entered Level 10 of the Dungeon
 10960 | D:10     | HP: 43/89 [vampire (9)]
 11355 | D:10     | Reached skill level 11 in Maces & Flails
 12078 | D:11     | Noticed a two-headed ogre
 12084 | D:11     | Reached skill level 6 in Shields
 12091 | D:11     | HP: 31/90 [two-headed ogre/+0 giant club (17)]
 12092 | D:11     | HP: 7/90 [two-headed ogre/+0 giant club (13)]
 12093 | D:11     | Killed a two-headed ogre
 12482 | D:11     | Found a staircase to the Lair.
 12492 | D:11     | Noticed a green ugly thing
 12509 | D:11     | Killed a green ugly thing
 12509 | D:11     | Reached skill level 10 in Fighting
 12743 | D:11     | Found a staircase to the Orcish Mines.
 13056 | D:11     | Reached XP level 12. HP: 86/97 MP: 16/16
 13128 | D:11     | Learned a level 2 spell: Blink
 13132 | D:11     | Learned a level 3 spell: Lesser Beckoning
 13137 | D:11     | Learned a level 4 spell: Passage of Golubria
 13510 | Orc:1    | Entered Level 1 of the Orcish Mines
 13624 | Orc:2    | Entered Level 2 of the Orcish Mines
 13639 | Orc:1    | Reached skill level 12 in Maces & Flails
 13767 | Orc:2    | Noticed Sonja
 13784 | Orc:2    | Killed Sonja
 13863 | Orc:2    | HP: 43/97 [ogre/+0 giant club (7)]
 13865 | Orc:2    | Reached skill level 7 in Shields
 13866 | Orc:2    | HP: 10/97 [ogre/+0 giant club (21)]
 13883 | Orc:1    | Noticed a two-headed ogre
 13885 | Orc:2    | HP: 11/97 [troll (4)]
 14257 | Orc:2    | Noticed a two-headed ogre
 14261 | Orc:2    | HP: 46/97 [two-headed ogre/+0 giant spiked club (16)]
 14263 | Orc:2    | Killed a two-headed ogre
 14423 | Orc:2    | Noticed a two-headed ogre
 14431 | Orc:2    | Killed a two-headed ogre
 14679 | Orc:2    | HP: 46/97 [troll (11)]
 14681 | Orc:2    | Noticed a two-headed ogre
 14690 | Orc:2    | HP: 33/97 [iron troll (18)]
 14697 | Orc:1    | HP: 7/97 [orc warrior/+0 glaive (12)]
 14717 | Orc:1    | HP: 6/97 [orc warrior/+0 war axe (8)]
 15119 | Orc:1    | Found a bloodstained altar of Trog.
 15181 | Orc:2    | HP: 42/97 [two-headed ogre/+0 giant spiked club (23)]
 15569 | Orc:2    | Noticed a two-headed ogre
 15583 | Orc:2    | Killed a two-headed ogre
 15583 | Orc:2    | Reached skill level 13 in Maces & Flails
 15778 | Orc:2    | Reached skill level 8 in Shields
 15784 | Orc:2    | Found Iweafy's Antique Armour Boutique.
 15787 | Orc:2    | Noticed an ogre mage
 15791 | Orc:2    | Found Esmaiss's Distillery.
 15800 | Orc:2    | Killed an ogre mage
 15801 | Orc:2    | Noticed an ogre mage
 15812 | Orc:2    | Killed an ogre mage
 15873 | Orc:2    | Noticed a two-headed ogre
 15883 | Orc:1    | Killed a two-headed ogre
 15885 | Orc:1    | HP: 44/97 [iron troll (7)]
 15888 | Orc:1    | HP: 21/97 [iron troll (23)]
 15891 | Orc:1    | Mangled by an iron troll

Vanquished Creatures
  7 two-headed ogres
  2 ogre magi (Orc:2)
  Sonja (Orc:2)
  A deep troll (Orc:2)
  Pikel (D:8)
  An ugly thing (D:11)
  2 cyclopes (Orc:2)
  2 centaur zombies
  A gargoyle (D:11)
  8 trolls
  A hornet (D:9)
  3 hippogriffs
  A vampire (D:10)
  A spriggan (D:9)
  14 yaks
  A shadow (D:11)
  Sigmund (D:3)
  2 wyverns
  A steam dragon (D:9)
  5 hungry ghosts
  Grum (D:8)
  A warg (Orc:2)
  Menkaure (D:4)
  2 water moccasins (D:11)
  4 sky beasts
  A hornet zombie (D:11)
  13 orc warriors
  2 necrophages
  2 phantoms
  2 ice beasts
  24 ogres
  4 wolves (D:8)
  9 centaurs
  6 bullfrogs
  A wyvern zombie (D:6)
  2 gnoll sergeants
  4 scorpions
  9 killer bees
  3 wights (D:9)
  2 howler monkeys
  5 crimson imps
  A quasit (D:9)
  2 bullfrog zombies
  9 hounds
  10 orc priests
  4 jellies
  Crazy Yiuf (D:6)
  17 orc wizards
  2 centaur skeletons
  3 bullfrog skeletons
  5 iguanas
  14 worker ants
  A killer bee zombie (D:10)
  A hound zombie (D:8)
  A hound skeleton (D:6)
  A howler monkey zombie (D:8)
  A worker ant zombie (D:10)
  11 gnolls
  7 adders
  4 shadow imps
  An adder skeleton (D:7)
  6 worms
  2 dart slugs (D:1)
  9 leopard geckos
  70 orcs
  2 ball pythons
  5 giant cockroaches
  11 goblins
  7 hobgoblins
  14 jackals
  2 quokkas
  2 bats
  4 frilled lizards
  A jackal skeleton (D:6)
  12 kobolds
  A leopard gecko zombie (D:5)
  6 rats
404 creatures vanquished.

Vanquished Creatures (others)
  4 fungi (D:10)
4 creatures vanquished.

Grand Total: 408 creatures vanquished

Table legend:
 A = Turns spent in this place as a percentage of turns spent in the entire game.
 B = Non-inter-level travel turns spent in this place as a percentage of non-inter-level travel turns spent in the entire game.
 C = Inter-level travel turns spent in this place as a percentage of turns spent in this place.
 D = Turns resting spent in this place as a percentage of non-inter-level travel turns spent in this place.
 E = Turns spent auto-exploring this place as a percentage of non-inter-level travel turns spent in this place.
 F = Non-inter-level travel turns spent in this place divided by the number of levels of this place that you've seen.
                   A       B       C       D       E      F
               +-------+-------+-------+-------+-------+----------------------
         Total | 100.0 | 100.0 |   2.3 |  47.3 |  35.3 | 1193.7
       Dungeon |  85.0 |  85.1 |   2.3 |  42.9 |  39.9 | 1200.5
  Orcish Mines |  15.0 |  14.9 |   2.9 |  72.6 |   8.9 | 1156.0
               +-------+-------+-------+-------+-------+----------------------
